 Dungeon Sprint DCSS version 0.23.2 (webtiles) character file.

Game seed: 15623480785960729809

143 nuthulu the Ruffian (level 5, -8/85 HPs)
             Began as a Troll Berserker on Apr 2, 2019.
             Was a Priest of Trog.
             Mangled by a spriggan
             ... wielding a +0 short sword
              (11 damage)
             ... in the Dungeon (Sprint IV: "Fedhas' Mad Dash").
             The game lasted 00:00:42 (495 turns).

nuthulu the Ruffian (Troll Berserker)                Turns: 495, Time: 00:00:43

Health: -8/85      AC:  6    Str: 30    XL:     5   Next: 4%
Magic:  4/4        EV: 12    Int:  3    God:    Trog [***...]
Gold:   55         SH:  0    Dex: 10    Spells: 4/4 levels left

rFire    . . .     SeeInvis .     - Unarmed
rCold    . . .     Gourm    +   (no shield)
rNeg     . . .     Faith    .   a - +0 animal skin
rPois    .         Spirit   .   (helmet restricted)
rElec    .         Reflect  .   (no cloak)
rCorr    .         Harm     .   (gloves unavailable)
MR       ++...     NoTele   +   (boots unavailable)
Stlth    ..........             i - amulet of invisibility {+Inv}
HPRegen  1.64/turn              (no ring)
MPRegen  0.09/turn              (no ring)

@: berserking, regenerating, very quick
A: large, unfitting armour, claws 3, fast metabolism 3, gourmand, regeneration
1, shaggy fur 1, tough skin 3
a: Berserk, Trog's Hand, Renounce Religion, Evoke Invisibility


You were in the Dungeon.
You worshipped Trog.
Trog was most pleased with you.
You were hungry.

You visited 1 branch You collected 55 gold pieces.

Inventory:

Armour
 a - a +0 animal skin (worn)
Jewellery
 i - the amulet of invisibility (around neck) {+Inv}
   (You found it in the Dungeon)

   [amulet of nothing]

   It lets you turn invisible.
Scrolls
 h - a scroll of blinking
 j - a scroll of amnesia {unknown}
Potions
 c - a potion of curing
 d - a potion of heal wounds
 e - a potion of haste
 f - 2 potions of magic
 g - a potion of berserk rage
Comestibles
 b - 2 rations


   Skills:
 + Level 5.4 Fighting
 + Level 5.4 Dodging
 + Level 6.5 Unarmed Combat


You had 4 spell levels left.
You didn't know any spells.
Your spell library was empty.

Dungeon Overview and Level Annotations

Branches:
Dungeon (1/1)

Altars:
Cheibriados
Dithmenos
Elyvilon
Gozag
Hepliaklqana
Kikubaaqudgha
Makhleb
Nemelex Xobeh
Okawaru
Qazlal
Ru
Sif Muna
Trog
Uskayaw
Vehumet
Wu Jian
Xom
Yredelemnul
Zin
The Shining One
Beogh
Jiyva
Lugonu


Innate Abilities, Weirdness & Mutations

You are too large for most types of armour.
You have claws for hands.
Your metabolism is lightning-fast.
You like to eat raw meat.
Your natural rate of healing is unusually fast.
You are covered in fur. (AC +1)
You have extremely tough skin. (AC +3)


Message History

Your skin crawls.
You feel resistant to hostile enchantments.
You feel somewhat more hungry.
The spriggan hits you but does no damage.
The spriggan hits you with a +0 short sword!
The scorpion stings you.
The spriggan hits you with a +0 short sword!
Unknown command.
A red film seems to cover your vision as you go berserk!
You feel yourself moving faster!
You feel mighty!
You are feeling hungry.
The spriggan hits you with a +0 short sword!
* * * LOW HITPOINT WARNING * * *
The spriggan hits you with a +0 short sword.
* * * LOW HITPOINT WARNING * * *
You barely miss the spriggan.
The spriggan hits you with a +0 short sword!
* * * LOW HITPOINT WARNING * * *
The spriggan hits you with a +0 short sword!
You die...

#########################
...#.⌠._._._._.⌠.#..'$..#
...'.._._._._._.@is.#$.$#
...#..._._._._..i#..# #+#
#+##.._._._._._..#.(#
#._._._._._.⌠.####
###############


You could see 2 spriggans and a scorpion.

Vanquished Creatures
  3 oklob saplings (D)
  A worker ant (D)
  A river rat (D)
  A rat (D)
6 creatures vanquished.

Notes
Turn   | Place    | Note
-------+----------+-------------------------------------------
     0 | D        | nuthulu the Troll Berserker began the quest for the Orb.
     0 | D        | Reached XP level 1. HP: 22/22 MP: 0/0
    15 | D        | Reached XP level 2. HP: 13/31 MP: 1/1
    53 | D        | Noticed an oklob sapling
    56 | D        | Killed an oklob sapling
    56 | D        | Reached ** piety under Trog
    56 | D        | Reached skill level 4 in Unarmed Combat
    56 | D        | Reached XP level 3. HP: 39/39 MP: 2/2
   203 | D        | Found the amulet of invisibility {+Inv}
   204 | D        | Reached skill level 5 in Unarmed Combat
   225 | D        | Found an opulent altar of Gozag.
   225 | D        | Found a hazy altar of Hepliaklqana.
   225 | D        | Found a burning altar of Makhleb.
   225 | D        | Found a roughly hewn altar of Beogh.
   225 | D        | Found a sparkling altar of Nemelex Xobeh.
   225 | D        | Found a snail-covered altar of Cheibriados.
   225 | D        | Found a sacrificial altar of Ru.
   225 | D        | Found a deep blue altar of Sif Muna.
   225 | D        | Found a shimmering altar of Xom.
   225 | D        | Found a basalt altar of Yredelemnul.
   226 | D        | Found a viscous altar of Jiyva.
   226 | D        | Found a bloodstained altar of Trog.
   226 | D        | Found an ornate altar of the Wu Jian Council.
   226 | D        | Noticed an oklob sapling priest
   227 | D        | Found an iron altar of Okawaru.
   227 | D        | Found a shadowy altar of Dithmenos.
   227 | D        | Found a glowing silver altar of Zin.
   228 | D        | Found an ancient bone altar of Kikubaaqudgha.
   228 | D        | Found a hide-covered altar of Uskayaw.
   229 | D        | Found a stormy altar of Qazlal.
   229 | D        | Found a white marble altar of Elyvilon.
   229 | D        | Found a glowing golden altar of the Shining One.
   230 | D        | Found a corrupted altar of Lugonu.
   230 | D        | Found a radiant altar of Vehumet.
   236 | D        | Killed an oklob sapling priest
   236 | D        | Reached skill level 5 in Fighting
   236 | D        | Reached skill level 5 in Dodging
   236 | D        | Reached skill level 6 in Unarmed Combat
   236 | D        | Reached XP level 4. HP: 50/50 MP: 0/3
   363 | D        | Reached *** piety under Trog
   363 | D        | Reached XP level 5. HP: 28/57 MP: 4/4
   495 | D        | HP: 3/85 [spriggan/+0 short sword (15)]
   495 | D        | Mangled by a spriggan

Skill      XL: |  1  2  3 |
---------------+----------+-----
Fighting       | 3 5 |  5.4
Dodging        | 3 5 |  5.4
Unarmed Combat | 4 6 |  6.5

Action                   |  1- 3 |  4- 6 || total
-------------------------+-------+-------++-------
Melee: Unarmed           |    17 |     5 ||    22
       Punch             |     1 |       ||     1
Invok: Berserk           |     1 |     1 ||     2
       Trog's Hand       |       |     1 ||     1
 Abil: Evoke Invisibilit |     1 |       ||     1
 Stab: Sleeping          |     1 |       ||     1
  Eat: Ration            |       |     1 ||     1
Armor: Animal skin       |     3 |     2 ||     5
Dodge: Dodged            |     3 |     4 ||     7
